 Dungeon Crawl Stone Soup version 0.25-a0-578-gc91f01c39c (webtiles) character file.

Game seed: 13619916385039031207, levelgen mode: classic

81201 EnegeticOcto the Champion of Chaos (level 15, 0/146 HPs)
             Began as a Deep Dwarf Fighter on Mar 3, 2020.
             Was the Champion of Makhleb.
             Killed from afar by a green death (39 damage)
             ... with a bolt of poison
             ... summoned by Asterion
             ... on level 3 of the Snake Pit.
             The game lasted 00:13:24 (13113 turns).

EnegeticOcto the Champion of Chaos (DDFi)          Turns: 13113, Time: 00:13:24

Health: 0/146      AC: 19    Str: 24    XL:     15   Next: 26%
Magic:  1/1        EV:  6    Int:  9    God:    Makhleb [******]
Gold:   1270       SH: 14    Dex: 15    Spells: 14/14 levels left

rFire    + . .     SeeInvis .   a - +2 broad axe
rCold    + . .     Gourm    .   C - +1 kite shield {reflect}
rNeg     + . .     Faith    .   i - +4 plate armour
rPois    .         Spirit   .   (no helmet)
rElec    .         Reflect  +   G - scarf {rC+ rF+}
rCorr    .         Harm     +   y - +2 pair of gloves
MR       +++..                  o - +1 pair of boots
Stlth    ..........             b - amulet of harm
HPRegen  0.00/turn              s - ring of protection from magic
MPRegen  0.07/turn              F - +3 ring of dexterity

@: lethally poisoned (0 -> 0), very slightly contaminated, non-regenerating,
lightly drained, invisible
A: damage resistance, heal wounds, deformed body, negative energy resistance 1,
sense surroundings 2, weak 1, no regeneration
a: Heal Wounds, Minor Destruction, Lesser Servant of Makhleb, Major Destruction,
Greater Servant of Makhleb, Renounce Religion


You were on level 3 of the Snake Pit.
You worshipped Makhleb.
Makhleb was exalted by your worship.
You were not hungry.

You visited 3 branches of the dungeon, and saw 21 of its levels.
You also visited: Sewer and Gauntlet.

You collected 1270 gold pieces.

Inventory:

Hand Weapons
 a - a +2 broad axe (weapon)
Armour
 d - a +0 pair of gloves
 i - a +4 plate armour (worn)
 o - a +1 pair of boots (worn)
 y - a +2 pair of gloves (worn)
 C - a +1 kite shield of reflection (worn)
 E - the +1 hat "Viucsoc" {rC+++ rN+ rCorr Str-5}
   (You found it in a Gauntlet)

   It affects your strength (-5).
   It renders you almost immune to cold.
   It protects you from negative energy.
   It provides partial protection from all sources of acid and corrosion.
   If you switch to wearing this armour, your AC will increase by 1 (19 -> 20).
 G - a scarf of resistance (worn)
Jewellery
 b - an amulet of harm (around neck)
 s - a ring of protection from magic (left hand)
 F - a +3 ring of dexterity (right hand)
 H - an uncursed ring of resist corrosion
Wands
 c - a wand of digging (12) {@v2}
 x - a wand of polymorph (5)
 D - a wand of paralysis (2)
 I - a wand of iceblast (10)
 J - a wand of scattershot (5)
Scrolls
 g - 10 scrolls of teleportation {@r2}
 l - 7 scrolls of remove curse {@r6}
 t - 7 scrolls of identify {@r1}
 v - 3 scrolls of enchant armour
 w - 3 scrolls of fear
 z - a scroll of immolation {@r4}
 A - 2 scrolls of holy word
 B - 5 scrolls of fog
 K - a scroll of blinking {@r3}
Potions
 f - 5 potions of heal wounds {@q2}
 h - 2 potions of berserk rage
 j - 2 potions of stabbing {@q5}
 k - 2 potions of might {@q3}
 m - a potion of resistance {@q6}
 n - 2 potions of haste {@q4}
 p - 5 potions of curing {@q1}
 q - 2 potions of invisibility
 r - 3 potions of lignification {@q7}
 u - 4 potions of flight
Miscellaneous
 L - a phantom mirror
Comestibles
 e - 37 rations
 M - 2 chunks of flesh


   Skills:
 * Level 12.9(12.6) Fighting
 * Level 14.9(14.5) Axes
 + Level 11.2(10.9) Armour
 + Level 11.2(10.8) Shields
 * Level 16.7(16.3) Invocations


You had 14 spell levels left.
You didn't know any spells.
Your spell library was empty.

Dungeon Overview and Level Annotations

Branches:
Dungeon (14/15)            Temple (0/1) D:5            Lair (4/6) D:8
  Swamp (0/4) Lair:4        Snake (3/4) Lair:4          Orc (0/2) D:10
 Vaults (0/5) D:13          Sewer (visited)         Gauntlet (visited)

Altars:
Cheibriados
Dithmenos
Fedhas
Gozag
Kikubaaqudgha
Makhleb
Ru
Trog
Uskayaw
Vehumet
Wu Jian
Xom
Yredelemnul
The Shining One

Shops:
D:7 :[:%   D:9 ?

Annotations:
D:14 1 runed translucent door, 4 exclusions
Lair:1 3 runed translucent doors, Irikuri's ghost, novice MiMo
Snake:3 Asterion


Innate Abilities, Weirdness & Mutations

You are resistant to damage.
You can heal yourself by infusing magical energy.
You resist negative energy. (rN+)
You passively map the area around you.
You do not regenerate.
Armour fits poorly on your strangely shaped body.
You are weak. (Str -2)


Message History

The naga sharpshooter spits poison at you.
The splash of poison hits your hellwing but does no damage.
Your hellwing hits the naga sharpshooter. x2
The green death gestures at you. The bolt of poison hits you!
You are more poisoned.
* * * LOW HITPOINT WARNING * * *
You block Asterion's attack. Asterion gores you but does no damage.
You feel much better.
You feel very sick.
The naga sharpshooter shoots a bolt.
The bolt hits your hellwing!
Your hellwing hits the naga sharpshooter!
Your hellwing hits the naga sharpshooter.
Asterion hits you but does no damage. You block Asterion's attack.
You block the green death's attack.
You feel much better.
You feel very sick. You block Asterion's attack. Asterion gores you.
Your hellwing barely misses the naga sharpshooter.
Your hellwing hits the naga sharpshooter.
The naga sharpshooter mumbles some strange words.
The naga sharpshooter magically shoots a bolt.
The bolt hits your hellwing. The green death gestures at you.
The bolt of poison misses you.
You feel better.
Asterion conjures a destructive force in the name of Makhleb!
The bolt of negative energy hits you! You partially resist.
You feel drained.
Your hellwing closely misses the naga sharpshooter.
Your hellwing barely misses the naga sharpshooter.
The naga sharpshooter mumbles some strange words.
The naga sharpshooter magically shoots a bolt.
The bolt hits you. The green death gestures at you.
The poison arrow hits you!!!
You are poisoned.
* * * LOW HITPOINT WARNING * * *
Asterion hits you with a +5 vorpal broad axe!
* * * LOW HITPOINT WARNING * * *
Asterion gores you.
* * * LOW HITPOINT WARNING * * *
Press: ? - help, v - describe, . - travel
Here: Asterion, wielding a +5 vorpal broad axe, wearing a +2 scale mail of fire resistance and wearing a +0 kite shield (moderately wounded, fast)
The floor, spattered with blood.
Unknown command.
You fade into invisibility!
You feel sick.
Your hellwing hits the naga sharpshooter. x2
The naga sharpshooter spits poison at you.
The splash of poison hits your hellwing but does no damage.
The green death hits you but does no damage.
Asterion hits you with a +5 vorpal broad axe!
* * * LOW HITPOINT WARNING * * *
Asterion gores you but does no damage.
You are very lightly contaminated with residual magic.
Your magical essence is drained by the effort!
You feel much better.
Your hellwing completely misses the naga sharpshooter.
Your hellwing hits the naga sharpshooter but does no damage.
Asterion hits you with a +5 vorpal broad axe.
* * * LOW HITPOINT WARNING * * *
Asterion gores you but does no damage.
The naga sharpshooter shoots a bolt.
The bolt barely misses your hellwing. The green death gestures at you.
The poison arrow hits you!
You are more poisoned.
* * * LOW HITPOINT WARNING * * *
You feel much better.
You feel very sick.
Your hellwing hits the naga sharpshooter!
Your hellwing hits the naga sharpshooter but does no damage.
Asterion barely misses you. You block Asterion's attack.
The green death hits you!
* * * LOW HITPOINT WARNING * * *
The naga sharpshooter mumbles some strange words.
The naga sharpshooter magically shoots a bolt.
The bolt hits your hellwing!!
You feel better.
Asterion hits you with a +5 vorpal broad axe.
You block Asterion's attack.
Your hellwing closely misses the naga sharpshooter.
Your hellwing barely misses the naga sharpshooter.
You block the green death's attack.
The naga sharpshooter casts a spell.
The naga sharpshooter magically shoots a bolt.
The bolt hits your hellwing!!
Your hellwing dies!
You feel much better.
You hear the faint crackling of a distant melting archway.
Asterion says, "In the name of our god, lay down your life!"
You block Asterion's attack. x2; You block the green death's attack.
The naga sharpshooter shoots a bolt.
The bolt hits you!
* * * LOW HITPOINT WARNING * * *
Your magical essence is drained by the effort!
You feel much better. Asterion hits you but does no damage. Asterion gores you!
* * * LOW HITPOINT WARNING * * *
The green death gestures at you. The bolt of poison hits you!!
You are poisoned.
You die...

** ,, , * *,
...* .... *
, ##...,
...,# * , *
, .... **
...#.. , ,,,
...##
*...... ** ,
#..###.... ,
*,..**
#..#.... ,,
* , ..#*
#.N2.H#** ,
, ..# #..(@#
,,
*#.####..##
*,,
*#..#..## *
#...$####...
##........#
, #......###
,
####.##..##
, ##...##
#..# ,,,
#....# *..#
,


You could see Asterion, a naga sharpshooter and a green death.

Vanquished Creatures
  A nagaraja (Snake:2)
  Louise (D:14)
  A minotaur (Gauntlet)
  Snorg (D:10)
  4 hydras
  A great orb of eyes (Gauntlet)
  An ogre mage (D:13)
  3 vault guards (D:13)
  A centaur warrior (D:9)
  Erica (D:11)
  2 naga warriors
  3 anacondas
  4 two-headed ogres
  5 tengu warriors
  7 death yaks (Lair:4)
  A deep elf knight (D:13)
  A salamander mystic (Snake:2)
  A skeletal warrior (D:14)
  2 unseen horrors
  2 orc knights (D:13)
  2 deep elf magi (D:14)
  4 ugly things
  An orc sorcerer (D:13)
  2 manticores
  2 salamanders (Snake:1)
  2 cyclopes
  17 elephants
  A naga mage (Snake:1)
  5 black mambas
  3 gargoyles
  5 spiny frogs
  3 rime drakes (Lair:4)
  Maggie (D:6)
  2 kobold demonologists (D:12)
  2 komodo dragons
  A yaktaur (D:13)
  3 tengu conjurers
  A queen bee (Lair:3)
  A troll (D:13)
  6 blink frogs
  12 hippogriffs
  3 flying skulls (Gauntlet)
  5 shadows (Gauntlet)
  A centaur simulacrum (D:14)
  10 wyverns (Lair:4)
  4 hogs (D:7)
  48 yaks
  2 humans
  Grum (D:11)
  3 hungry ghosts
  4 basilisks (Lair:4)
  A steam dragon (D:11)
  3 vampire mosquitoes (D:14)
  10 nagas
  7 water moccasins
  An acid dragon (D:12)
  13 porcupines
  4 black bears
  7 sky beasts
  4 ice beasts
  4 orc warriors
  A phantom (D:8)
  An eye of draining (shapeshifter) (D:13)
  A hornet zombie (D:9)
  16 wolves
  4 crocodiles
  12 centaurs
  11 ogres
  2 big kobolds
  17 bullfrogs
  3 gnoll sergeants (D:9)
  A water moccasin skeleton (D:7)
  6 scorpions
  2 wyvern skeletons
  31 killer bees
  6 wights
  4 electric eels
  6 howler monkeys
  A quasit (D:8)
  10 crimson imps
  3 centaur zombies
  14 hounds
  A jelly (D:10)
  4 bullfrog skeletons
  3 gnoll shamans
  12 orc priests
  3 iguanas
  15 orc wizards
  5 centaur skeletons
  3 hell rats (Lair:2)
  12 worker ants
  3 hound skeletons
  A worker ant zombie (D:10)
  23 gnolls
  19 adders
  8 river rats
  9 shadow imps
  An ooze (D:2)
  An adder zombie (D:5)
  A worm (D:6)
  A dart slug (D:1)
  3 leopard geckos
  64 orcs
  4 giant cockroaches
  6 goblins
  3 hobgoblins
  17 jackals
  3 quokkas
  3 bats
  4 frilled lizards
  13 kobolds
  A leopard gecko zombie (D:5)
  2 quokka skeletons (D:9)
  11 rats
  2 fungi (Lair:4)
  2 plants
669 creatures vanquished.

Vanquished Creatures (collateral kills)
  Gastronok (D:8)
  2 hydras
  2 skeletal warriors (D:14)
  An elephant (Lair:3)
  2 hippogriffs (Lair:4)
  2 basilisks (Lair:4)
  A porcupine (Lair:3)
  An orc warrior (D:14)
  A black bear (D:8)
  A scorpion (D:8)
  A howler monkey (D:8)
  A hound (D:12)
  An orc wizard (D:12)
  An orc (D:14)
  A fungus (Lair:4)
19 creatures vanquished.

Vanquished Creatures (others)
  Sonja (Lair:2)
  19 fungi (D:8)
  3 plants
23 creatures vanquished.

Grand Total: 711 creatures vanquished

Notes
Turn   | Place    | Note
-------+----------+-------------------------------------------
     0 | D:1      | EnegeticOcto the Deep Dwarf Fighter began the quest for the
                  | Orb.
     0 | D:1      | Reached XP level 1. HP: 20/20 MP: 1/1
   149 | D:1      | Reached XP level 2. HP: 27/27 MP: 2/2
   249 | D:1      | Found a glowing golden altar of the Shining One.
   312 | D:2      | Found a shadowy altar of Dithmenos.
   340 | D:2      | Reached XP level 3. HP: 16/34 MP: 2/2
   372 | D:2      | Reached XP level 4. HP: 38/42 MP: 3/3
   396 | D:2      | Found a shimmering altar of Xom.
   783 | D:4      | Reached XP level 5. HP: 29/50 MP: 4/4
   849 | D:4      | Found a radiant altar of Vehumet.
   851 | D:4      | Found a burning altar of Makhleb.
   877 | D:4      | Became a worshipper of Makhleb the Destroyer
  1010 | D:4      | Noticed a +0 dagger
  1010 | D:4      | Noticed a +0 dagger
  1011 | D:4      | Found a hide-covered altar of Uskayaw.
  1013 | D:4      | Noticed a sky beast
  1017 | D:4      | Reached XP level 6. HP: 44/57 MP: 5/5
  1032 | D:4      | Killed a sky beast
  1032 | D:4      | Reached skill level 1 in Invocations
  1157 | D:4      | Reached skill level 2 in Invocations
  1417 | D:5      | Entered Level 5 of the Dungeon
  1432 | D:5      | Found a staircase to the Ecumenical Temple.
  1450 | D:5      | Reached XP level 7. HP: 54/66 MP: 6/6
  1461 | D:5      | Found an opulent altar of Gozag.
  1470 | D:5      | Reached skill level 5 in Axes
  1477 | D:5      | Reached skill level 3 in Invocations
  1517 | D:5      | Reached * piety under Makhleb
  1529 | D:5      | Reached skill level 5 in Fighting
  1535 | D:5      | Reached skill level 4 in Invocations
  1594 | D:5      | Found an ancient bone altar of Kikubaaqudgha.
  1595 | D:5      | Found a blossoming altar of Fedhas.
  1641 | D:5      | Reached skill level 5 in Armour
  1662 | D:5      | Reached skill level 5 in Shields
  1662 | D:5      | Reached XP level 8. HP: 45/74 MP: 7/7
  1998 | D:5      | Found a sacrificial altar of Ru.
  2189 | D:6      | Reached skill level 5 in Invocations
  2230 | D:6      | Reached ** piety under Makhleb
  2256 | D:6      | Found a glowing drain.
  2288 | Sewer    | Entered a sewer
  2401 | Sewer    | Found a white marble altar of Elyvilon.
  2553 | D:6      | Reached skill level 6 in Invocations
  2699 | D:6      | Noticed Maggie
  2750 | D:6      | Killed Maggie
  2750 | D:6      | Gained mutation: You passively map the area around you.
                  | [Deep Dwarf growth]
  2750 | D:6      | Reached XP level 9. HP: 83/84 MP: 7/7
  3097 | D:7      | Reached *** piety under Makhleb
  3110 | D:7      | Reached skill level 7 in Invocations
  3203 | D:7      | Found a basalt altar of Yredelemnul.
  3206 | D:7      | Found an ornate altar of the Wu Jian Council.
  3206 | D:7      | Found a bloodstained altar of Trog.
  3206 | D:7      | Found a snail-covered altar of Cheibriados.
  3377 | D:7      | Reached skill level 8 in Invocations
  3438 | D:7      | Found Tecukh's Food Shop.
  3456 | D:7      | Found Veofrupu's Book Emporium.
  3502 | D:7      | Found Myta's Book Shop.
  3636 | D:7      | Found Kurphoat's Armour Shoppe.
  3799 | D:8      | Noticed Gastronok
  3808 | D:8      | Reached XP level 10. HP: 64/94 MP: 10/10
  3823 | D:8      | Killed Gastronok
  3823 | D:8      | Reached skill level 9 in Invocations
  3845 | D:8      | Noticed a two-headed ogre
  3856 | D:8      | Killed a two-headed ogre
  3858 | D:8      | Reached **** piety under Makhleb
  3870 | D:8      | Reached skill level 10 in Invocations
  3989 | D:8      | Found a staircase to the Lair.
  4177 | D:8      | Reached XP level 11. HP: 77/104 MP: 9/9
  4358 | D:9      | Reached skill level 10 in Axes
  4462 | D:9      | Noticed a two-headed ogre
  4475 | D:9      | Killed a two-headed ogre
  4567 | D:9      | Noticed a centaur warrior
  4574 | D:9      | Reached ***** piety under Makhleb
  4591 | D:9      | Reached skill level 11 in Invocations
  4601 | D:9      | Killed a centaur warrior
  4677 | D:9      | Found Lohymi's Magic Scroll Boutique.
  5215 | D:10     | Entered Level 10 of the Dungeon
  5441 | D:10     | Found a staircase to the Orcish Mines.
  5532 | D:10     | Noticed Snorg
  5540 | D:10     | Killed Snorg
  5602 | D:10     | Noticed a two-headed ogre
  5609 | D:10     | Killed a two-headed ogre
  5867 | D:11     | Reached XP level 12. HP: 116/116 MP: 11/11
  5871 | D:11     | Reached skill level 12 in Invocations
  5921 | D:11     | Noticed Grum
  5935 | D:11     | Killed Grum
  6057 | D:11     | You fall into a shaft and drop 2 floors!
  6063 | D:12     | Noticed a six-headed hydra
  6076 | D:12     | Killed a seven-headed hydra
  6087 | D:12     | Noticed a tengu warrior
  6099 | D:12     | Reached skill level 10 in Fighting
  6145 | D:12     | Killed a tengu warrior
  6170 | D:12     | Gained mutation: You are weak. (Str -2) [a neqoxec]
  6171 | D:12     | Gained mutation: Armour fits poorly on your strangely
                  | shaped body. [a neqoxec]
  6231 | D:12     | Reached ****** piety under Makhleb
  6408 | D:12     | Reached skill level 13 in Invocations
  6503 | D:11     | Noticed Erica
  6524 | D:11     | Killed Erica
  7013 | D:13     | Noticed a tengu warrior
  7033 | D:13     | Killed a tengu warrior
  7068 | D:13     | Noticed a two-headed ogre
  7077 | D:13     | Killed a two-headed ogre
  7201 | D:13     | Reached XP level 13. HP: 122/124 MP: 14/14
  7694 | D:13     | Reached skill level 14 in Invocations
  8162 | D:13     | Found a gate to the Vaults.
  8615 | D:14     | Noticed Louise
  8647 | D:14     | Killed Louise
  8714 | D:14     | Found a glowing golden altar of the Shining One.
  8715 | D:14     | Noticed a daeva
  8720 | D:14     | Found a runed translucent door.
  8762 | D:14     | Reached skill level 10 in Armour
  8889 | D:14     | Reached skill level 10 in Shields
  9331 | Lair:1   | Entered Level 1 of the Lair of Beasts
  9574 | Lair:1   | Found a runed translucent gate.
  9574 | Lair:1   | Found a runed translucent gate.
  9574 | Lair:1   | Found a runed translucent gate.
  9576 | Lair:1   | Noticed Irikuri's ghost (novice MiMo)
  9691 | Lair:2   | Gained mutation: You resist negative energy. (rN+) [Deep
                  | Dwarf growth]
  9691 | Lair:2   | Reached XP level 14. HP: 135/136 MP: 15/15
  9700 | Lair:2   | Reached skill level 15 in Invocations
 10005 | Lair:2   | Noticed Sonja
 10013 | Lair:2   | Killed Sonja
 11300 | Lair:4   | Found a gate leading to a gauntlet.
 11309 | Gauntlet | Entered a Gauntlet
 11309 | Gauntlet | Found a transporter.
 11309 | Gauntlet | Found a transporter.
 11314 | Gauntlet | Found a transporter.
 11329 | Gauntlet | Found a transporter.
 11344 | Gauntlet | Noticed an entropy weaver
 11345 | Gauntlet | Found a transporter.
 11358 | Gauntlet | Found a transporter.
 11374 | Gauntlet | Found a transporter.
 11445 | Gauntlet | Found a transporter.
 11455 | Gauntlet | Found a transporter.
 11457 | Gauntlet | Found a large runed translucent door.
 11460 | Gauntlet | Found a large runed translucent door.
 11461 | Gauntlet | Found a large runed translucent door.
 11461 | Gauntlet | Found a large runed translucent door.
 11471 | Gauntlet | Found a transporter.
 11484 | Gauntlet | Found a transporter.
 11523 | Gauntlet | Found a large runed translucent door.
 11576 | Gauntlet | Found a transporter.
 11578 | Gauntlet | Found a large runed translucent door.
 11579 | Gauntlet | Found a large runed translucent door.
 11580 | Gauntlet | Found a large runed translucent door.
 11580 | Gauntlet | Found a large runed translucent door.
 11580 | Gauntlet | Found a runed translucent door.
 11580 | Gauntlet | Found a runed translucent door.
 11581 | Gauntlet | Found a transporter.
 11582 | Gauntlet | Found a large runed translucent door.
 11583 | Gauntlet | Found a large runed translucent door.
 11584 | Gauntlet | Found a large runed translucent door.
 11584 | Gauntlet | Found a large runed translucent door.
 11585 | Gauntlet | Found a runed translucent gate.
 11589 | Gauntlet | Found a transporter.
 11597 | Gauntlet | Found a transporter.
 11611 | Gauntlet | Found a transporter.
 11699 | Gauntlet | Reached skill level 16 in Invocations
 11717 | Gauntlet | Got an ancient hat
 11723 | Gauntlet | Identified the +1 hat "Viucsoc" {rC+++ rN+ rCorr Str-5}
                  | (You found it in a Gauntlet)
 11805 | Gauntlet | Identified the Tome of Dark Rites and Displacement
 12113 | Lair:4   | Found a staircase to the Snake Pit.
 12318 | Lair:4   | Reached XP level 15. HP: 62/146 MP: 8/8
 12322 | Lair:4   | Found a staircase to the Swamp.
 12714 | Snake:1  | Entered Level 1 of the Snake Pit
 12907 | Snake:2  | Noticed a nagaraja
 12917 | Snake:2  | Killed a nagaraja
 13075 | Snake:3  | Noticed Asterion
 13108 | Snake:3  | HP: 7/146 [Asterion/+5 vorpal broad axe (13)]
 13113 | Snake:3  | Killed from afar by a green death

Levels and vault maps discovered:
D:1:      dpeg_arrival_leaves_temple_mockup, layout_loops_ring, tso_altar
D:2:      layout_basic, lemuel_coloured_pillars_altar,
          overflow_temple_1_default, uniq_sigmund
D:3:      layout_basic, minivault_14, grunt_qazlal_clouds
D:4:      layout_loops_cross, grunt_temple_overflow_lords_of_destruction,
          dancing_weapons_uskayaw
D:5:      layout_loops_ring, grunt_temple_overflow_growth_and_decay,
          nicolae_overflow_crystal_walls, old_standard_altar,
          minmay_temple_entry_tees, first_ration, minivault_11
D:6:      layout_gridville, portal_sewer_entry_d, kennysheep_generic_room_4,
          uniq_maggie
D:7:      layout_basic, grunt_temple_overflow_open, serial_shops,
          nicolae_shop_waterfront, nicolae_shop_statue_plus,
          nicolae_shop_waterfront, nicolae_shop_waterfront, hex_medium,
          grunt_livestock
D:8:      layout_rooms, due_lair_maze_entry_diamond, grunt_ministairs_13,
          uniq_gastronok
D:9:      layout_cave_pools, serial_gnoll_camp, gnoll_camp_mini_loothouse,
          gnoll_camp_mini_house, gnoll_camp_mini_house, gnoll_camp_huts_basic,
          gnoll_camp_mini_hut, serial_shops, shop, minmay_pinched_square
D:10:     layout_roguey, orc_0_dummy, uniq_snorg
D:11:     layout_cave_pods, uniq_erica, uniq_grum
D:12:     layout_cross, mrwooster_statue_mirror
D:13:     layout_basic, grunt_vaults_entry_fortified
D:14:     layout_gridville, hangedman_glass_teeth, lemuel_angel_altar,
          uniq_louise
Lair:1:   layout_regular_city, gammafunk_ghost_hydra_chop, serial_bayou_shore_a,
          grunt_megastairs_5
Lair:2:   layout_gridlike, kennysheep_abandoned_house, uniq_sonja
Lair:3:   layout_small_grid, special_room [special_room_bee], st_stairs_3
Lair:4:   layout_roguey [special_room_mythical_zoo], palyth_hydra_swamp_entry,
          minmay_snake_entry_guardpost_small, gauntlet_entry_generic,
          beast_lair_carwin_6
Snake:1:  layout_misc_corridors, nrook_guardian_serpent_ordinary
Snake:2:  layout_onion
Snake:3:  layout_layer_cave, portal_ice_cave_entry_ice_statue_one,
          ebering_ghost_gozag, lemuel_fruit_tree, uniq_asterion

Skill      XL: |  1  2  3  4  5  6  7  8  9 10 11 12 13 14 |
---------------+-------------------------------------------+-----
Fighting       | 3 4 5 6 7 8 9 10 11 12 | 12.9
Axes           | 3 4 5 7 8 9 11 12 13 14 | 14.9
Armour         | 4 5 6 7 8 9 10 11 | 11.2
Shields        | 4 5 6 7 8 9 10 11 | 11.2
Invocations    | 2 4 6 8 10 11 13 14 16 | 16.7

Action                   |  1- 3 |  4- 6 |  7- 9 | 10-12 | 13-15 || total
-------------------------+-------+-------+-------+-------+-------++-------
Melee: War axe           |    72 |   165 |   155 |       |       ||   392
       Broad axe         |       |       |   282 |   784 |  1151 ||  2217
Invok: Lesser Servant of |       |       |       |     4 |    25 ||    29
 Abil: Heal Wounds       |     2 |     6 |    21 |    14 |    80 ||   123
Evoke: Wand              |       |       |       |     4 |     5 ||     9
  Use: Scroll            |       |       |    15 |     8 |     7 ||    30
       Potion            |       |       |     1 |     1 |     7 ||     9
 Stab: Distracted        |       |       |       |     2 |     5 ||     7
       Sleeping          |       |       |       |       |    12 ||    12
       Invisible         |       |       |       |       |    11 ||    11
       Paralysed         |       |       |       |       |     2 ||     2
  Eat: Chunk             |       |     2 |     9 |    19 |    14 ||    44
       Ration            |       |       |       |       |     2 ||     2
Armor: Scale mail        |    30 |    81 |    98 |       |       ||   209
       Plate armour      |       |       |   182 |   813 |   801 ||  1796
Dodge: Dodged            |    22 |    43 |   136 |   255 |   320 ||   776
Block: Kite shield       |    50 |    75 |   307 |   730 |   917 ||  2079
       Reflection        |       |       |       |       |    10 ||    10

Table legend:
 A = Non-vault XP
 B = Vault XP
 C = Vault XP percentage of total XP
 D = Non-vault monster count
 E = Vault monster count
 F = Vault count percentage of total count
                 A         B        C        D         E       F
            +---------+---------+-------+---------+---------+-------
      Total |   78361 |   37641 |  32.4 |     509 |     175 |  25.6
            +---------+---------+-------+---------+---------+-------
        D:1 |      28 |       0 |   0.0 |      17 |       0 |   0.0
        D:2 |     109 |       0 |   0.0 |      12 |       0 |   0.0
        D:3 |      31 |       0 |   0.0 |      12 |       0 |   0.0
        D:4 |     493 |      50 |   9.2 |      20 |       1 |   4.8
        D:5 |     944 |       0 |   0.0 |      27 |       0 |   0.0
        D:6 |    1104 |     470 |  29.9 |      45 |       3 |   6.2
        D:7 |    1053 |     981 |  48.2 |      17 |       5 |  22.7
        D:8 |    2552 |    3093 |  54.8 |      41 |      13 |  24.1
        D:9 |    3557 |    2721 |  43.3 |      35 |      39 |  52.7
       D:10 |    3295 |    1112 |  25.2 |      37 |       1 |   2.6
       D:11 |    3344 |    1482 |  30.7 |      21 |       5 |  19.2
       D:12 |    7982 |       0 |   0.0 |      45 |       0 |   0.0
       D:13 |    9000 |    6824 |  43.1 |      33 |      10 |  23.3
       D:14 |    6963 |    1407 |  16.8 |      30 |       1 |   3.2
     Lair:1 |    5258 |     413 |   7.3 |      27 |       3 |  10.0
     Lair:2 |    3968 |    1033 |  20.7 |      14 |      16 |  53.3
     Lair:3 |    9079 |    1650 |  15.4 |      34 |      17 |  33.3
     Lair:4 |    7921 |   12024 |  60.3 |      21 |      40 |  65.6
    Snake:1 |    4234 |       0 |   0.0 |       9 |       0 |   0.0
    Snake:2 |    7446 |       0 |   0.0 |      12 |       0 |   0.0
      Sewer |       0 |     131 | 100.0 |       0 |      10 | 100.0
   Gauntlet |       0 |    4250 | 100.0 |       0 |      11 | 100.0
            +---------+---------+-------+---------+---------+-------
